 Dungeon Crawl Stone Soup version 0.28.0-1-gb440e238dd (webtiles) character file.

Game seed: 7566049345885924422

101 fknight the Covered (level 5, -2/41 HPs)
             Began as a Human Fighter on Feb 19, 2022.
             Was an Initiate of Wu Jian.
             Slain by a gnoll (10 damage)
             ... on level 3 of the Dungeon.
             The game lasted 00:13:34 (2555 turns).

fknight the Covered (Human Fighter)                 Turns: 2555, Time: 00:13:34

Health: -2/41      AC: 10    Str: 18    XL:     5   Next: 4%
Magic:  5/5        EV:  7    Int:  9    God:    Wu Jian [......]
Gold:   19         SH:  4    Dex: 12    Spells: 4/4 levels left

rFire   . . .      SeeInvis .   j - +3 dagger (flame)
rCold   . . .      Faith    .   c - +0 buckler
rNeg    . . .      Spirit   .   d - +0 chain mail
rPois   .          Reflect  .   (no helmet)
rElec   .          Harm     .   (no cloak)
rCorr   .          Rampage  .   f - +0 pair of gloves
Will    .....                   (no boots)
Stlth   ..........              (no amulet)
HPRegen 0.13/turn               (no ring)
MPRegen 0.09/turn               (no ring)

@: no status effects
A: no striking features
a: Renounce Religion


You were on level 3 of the Dungeon.
You worshipped Wu Jian.
Wu Jian was noncommittal.
You visited 1 branch of the dungeon, and saw 3 of its levels.

You collected 94 gold pieces.
You spent 75 gold pieces at shops.

Inventory:

Hand Weapons
 a - a +0 long sword
 e - a +0 spear
 j - a +3 dagger of flaming (weapon)
 l - a +0 hand crossbow
Missiles
 g - 14 poisoned darts
 i - 88 stones (quivered)
 n - 3 boomerangs
Armour
 c - a +0 buckler (worn)
 d - a +0 chain mail (worn)
 f - a +0 pair of gloves (worn)
 k - an orb of energy
Wands
 m - a wand of digging (5)
Scrolls
 b - a scroll of blinking {unknown}
Potions
 h - a potion of resistance {unknown}


   Skills:
 + Level 3.5 Fighting
 + Level 0.5(1.6) Short Blades
 + Level 2.5(2.6) Long Blades
 + Level 4.1 Armour
 + Level 0.2 Dodging
 + Level 3.4 Shields


You had 4 spell levels left.
You didn't know any spells.
Your spell library contained the following spells:

 Spells                   Type           Power      Damage    Failure   Level
 Call Canine Familiar     Summ           0%         N/A       100%        3
 Portal Projectile        Hex/Tloc       0%         N/A       100%        3
 Leda's Liquefaction      Hex/Erth       0%         N/A       100%        4
 Summon Forest            Summ/Tloc      0%         N/A       100%        5
 Summon Mana Viper        Hex/Summ       0%         N/A       100%        5
 Summon Cactus Giant      Summ           0%         N/A       100%        6


Dungeon Overview and Level Annotations

Branches:
Dungeon (3/15)

Altars:
Wu Jian

Shops:
D:2 ?


Message History

Things that are here:
a +0 trident; a +0 chain mail You now have 19 gold pieces (gained 9).
HP restored.
Found a stone staircase leading up.
There is a stone staircase leading up here.
Found a stone staircase leading up.
There is a stone staircase leading up here. 2 gnolls come into view.
The gnoll shouts! x2
There is a stone staircase leading up here.
A gnoll comes into view. It is wielding a +0 halberd.
You lunge at the gnoll.
The gnoll shouts!
You hit the gnoll. You burn the gnoll.
The gnoll is severely wounded.
The gnoll hits you with a +0 whip. The gnoll completely misses you.
You hit the gnoll. You burn the gnoll.
You kill the gnoll!
The Council accepts your kill.
The gnoll hits you from afar with a +0 halberd!
Your Armour skill increases to level 4!
You have reached level 5!
A rat comes into view.
You lunge at the gnoll.
You closely miss the gnoll. You block the gnoll's attack.
Things that are here:
a +0 whip; a gnoll corpse You hit the gnoll.
You burn the gnoll.
The gnoll is moderately wounded.
The gnoll hits you but does no damage. The gnoll barely misses you.
You hit the gnoll. You burn the gnoll.
The gnoll is severely wounded.
The gnoll hits you with a +0 halberd.
The gnoll hits you from afar with a +0 halberd!
* * * LOW HITPOINT WARNING * * *
You hit the gnoll. You burn the gnoll.
The gnoll is almost dead.
The gnoll hits you with a +0 halberd!
You die...

#..# #..# #..#
#..## ... #r#
#g# #g# #@#
... #.# ...
#.# ...
#.##########.#
#.........##.#
#########.##.#
#.##.# #.##.##
#.#.<.###


You could see 2 gnolls and a rat.

Vanquished Creatures
  Terence (D:2)
  A gnoll (D:3)
  2 adders (D:2)
  A dart slug (D:1)
  4 orcs (D:3)
  3 endoplasms
  3 goblins
  A hobgoblin (D:3)
  2 jackals (D:2)
  4 quokkas
  5 ball pythons
  3 bats (D:2)
  5 frilled lizards (D:2)
  6 kobolds
  4 rats
45 creatures vanquished.

Vanquished Creatures (others)
  A fungus (D:2)
1 creature vanquished.

Grand Total: 46 creatures vanquished

Notes
Turn   | Place    | Note
-------+----------+-------------------------------------------
     0 | D:1      | fknight the Human Fighter began the quest for the Orb.
     0 | D:1      | Reached XP level 1. HP: 18/18 MP: 1/1
   183 | D:1      | Reached XP level 2. HP: 24/24 MP: 2/2
  1132 | D:2      | Reached XP level 3. HP: 28/29 MP: 3/3
  1380 | D:2      | Noticed Terence
  1412 | D:2      | Killed Terence
  1413 | D:2      | Reached XP level 4. HP: 18/35 MP: 4/4
  1655 | D:2      | Found an ornate altar of the Wu Jian Council.
  1684 | D:2      | Became a worshipper of the Wu Jian Council
  1701 | D:2      | Found Ipyinev's Magic Scroll Emporium.
  1794 | D:2      | Found a faded altar of an unknown god.
  2265 | D:2      | Bought a scroll of enchant weapon for 75 gold pieces
  2552 | D:3      | Reached skill level 4 in Armour
  2552 | D:3      | Reached XP level 5. HP: 23/41 MP: 5/5
  2555 | D:3      | Slain by a gnoll

Illustrated notes

Levels and vault maps discovered:
D:1:      dpeg_arrival_leaves_temple_mockup, layout_basic
D:2:      layout_basic, basic_altar, serial_shops, shop,
          dreamdust_ecumenical_altar_grove, kennysheep_generic_room_13,
          uniq_terence
D:3:      layout_loops_ring, uniq_jessica

Skill      XL: |  1  2  3  4 |
---------------+-------------+-----
Armour         | 4 |  4.1
Fighting       | |  3.5
Short Blades   | |  0.5
Long Blades    | |  2.5
Dodging        | |  0.2
Shields        | |  3.4

Action                   |  1- 3 |  4- 6 || total
-------------------------+-------+-------++-------
Melee: Long sword        |    14 |       ||    14
       Dagger            |    72 |    64 ||   136
Throw: Stone             |     5 |     6 ||    11
Invok: Lunge             |       |     6 ||     6
  Use: Scroll            |     5 |     1 ||     6
       Potion            |     2 |       ||     2
Armor: Scale mail        |    34 |       ||    34
       Chain mail        |       |    46 ||    46
Dodge: Dodged            |    34 |    18 ||    52
Block: Buckler           |    13 |    13 ||    26
